 Dungeon Crawl Stone Soup version 0.23.0-3-gf3c87f2 (webtiles) character file.

Game seed: 1787956422031670644

37423 mopl the Brawler (level 13, -9/119 HPs)
             Began as a Troll Hunter on Feb 22, 2019.
             Mangled by a minotaur
             ... wielding a +0 long sword of holy wrath
              (23 damage)
             ... in a Gauntlet.
             The game lasted 00:28:12 (13373 turns).

mopl the Brawler (Troll Hunter)                    Turns: 13373, Time: 00:28:13

Health: -9/119     AC:  7    Str: 21 (24) XL:     13   Next: 58%
Magic:  0/10       EV: 10    Int:  3      God:
Gold:   1220       SH: 11    Dex: 13 (14) Spells: 10/12 levels left

rFire    + . .     SeeInvis .     - Unarmed
rCold    . . .     Gourm    +   a - +0 shield
rNeg     . . .     Faith    .   N - +0 steam dragon scales
rPois    +         Spirit   +   (helmet restricted)
rElec    .         Reflect  .   B - +0 cloak (curse)
rCorr    .         Harm     .   (gloves unavailable)
MR       .....     Rnd*Rage +   (boots unavailable) Stlth +.........NoTele +
                                D - amulet of guardian spirit
HPRegen  0.69/turn              C - ring of protection from fire
MPRegen  0.12/turn              i - ring of poison resistance

@: mighty
A: large, unfitting armour, claws 3, [berserk 2], [deformed body],
[deterioration 2], [dopey 2], fast metabolism 3, gourmand, low mp 1,
regeneration 1, [screaming 2], shaggy fur 1, tough skin 3, [weak 2]
a: no special abilities


You were in a Gauntlet.
You were very full.

You visited 3 branches of the dungeon, and saw 16 of its levels.
You also visited: Gauntlet.

You collected 1874 gold pieces.
You spent 654 gold pieces at shops.

Inventory:

Hand Weapons
 b - a +0 blowgun
Missiles
 c - 10 large rocks
 d - 4 throwing nets
 h - 311 stones (quivered)
 j - 22 tomahawks
 p - 68 poisoned needles
 y - 20 sling bullets
Armour
 a - a +0 shield (worn)
 B - a cursed +0 cloak (worn)
 N - +0 steam dragon scales (worn)
 O - a +1 robe of cold resistance
 U - a scarf of resistance
Jewellery
 i - a ring of poison resistance (right claw)
 q - an uncursed ring of ice
 s - an uncursed ring of wizardry
 u - an uncursed ring of protection from magic
 C - a ring of protection from fire (left claw)
 D - an amulet of guardian spirit (around neck)
 V - an uncursed ring of protection from cold
 W - the amulet "Huyffaan" {Spirit Dex+4, unknown}
   (You found it in a Gauntlet)

   [amulet of guardian spirit]

   It causes incoming damage to be split between your health and magic.
   It affects your dexterity (+4).
Wands
 v - a wand of iceblast (7)
 L - a wand of polymorph (5)
 M - a wand of random effects (35)
 P - a wand of flame (23)
Scrolls
 e - 8 scrolls of remove curse
 k - 3 scrolls of teleportation
 n - 4 scrolls of fog {unknown}
 o - 2 scrolls of fear {unknown}
 r - 2 scrolls of enchant weapon {unknown}
 t - 2 scrolls of magic mapping {unknown}
 w - a scroll of identify
 E - 2 scrolls of amnesia {unknown}
 G - a scroll of blinking {unknown}
 H - a scroll of immolation {unknown}
 I - a scroll of enchant armour {unknown}
 K - a scroll of torment {unknown}
 T - a scroll of brand weapon {unknown}
Potions
 g - 10 potions of curing
 l - a potion of might
 m - a potion of resistance
 x - a potion of magic
 A - a potion of mutation {!q}
 F - 3 potions of agility
 J - a potion of ambrosia
 R - a potion of cancellation
 S - a potion of brilliance
Comestibles
 f - 19 rations


   Skills:
 + Level 5.5 Fighting
 + Level 11.7 Throwing
 - Level 1.5 Dodging
 - Level 0.3 Stealth
 - Level 9.0 Shields
 + Level 15.4 Unarmed Combat


You had 10 spell levels left.
You knew the following spells:

 Your Spells              Type           Power        Failure   Level  Hunger
a - Apportation           Tloc           #.....       52%         1    ##.....
b - Confusing Touch       Hex            #.....       52%         1    ##.....

Your spell library contained the following spells:

 Spells                   Type           Power        Failure   Level  Hunger
 Animate Skeleton         Necr           N/A          52%         1    ##.....
 Beastly Appendage        Tmut           #.....       52%         1    ##.....
 Flame Tongue             Conj/Fire      #....        52%         1    ##.....
 Sting                    Conj/Pois      #...         52%         1    ##.....
 Summon Small Mammal      Summ           #...         52%         1    ##.....
 Poisonous Vapours        Pois/Air       #.....       67%         2    ###....
 Sticks to Snakes         Tmut           #.......     67%         2    ###....
 Throw Flame              Conj/Fire      #.....       67%         2    ###....
 Conjure Flame            Conj/Fire      #.......     88%         3    ####...
 Inner Flame              Hex/Fire       #.......     88%         3    ####...
 Ice Form                 Ice/Tmut       #.......     99%         4    #####..
 Petrify                  Tmut/Erth      #.......     99%         4    #####..
 Sticky Flame             Conj/Fire      #.......     99%         4    #####..
 Fireball                 Conj/Fire      #.........   100%        5    ######.
 Irradiate                Conj/Tmut      #.........   100%        5    ######.


Dungeon Overview and Level Annotations

Branches:
Dungeon (11/15)            Temple (0/1) D:4            Lair (3/6) D:9
    Orc (2/2) D:10            Elf (0/3) Orc:2
  Swamp: Lair:2-4    Shoals: Lair:2-4     Snake: Lair:2-4    Spider: Lair:2-4

Altars:
Elyvilon
Kikubaaqudgha
Makhleb
Nemelex Xobeh
Okawaru
Ru
Trog
Uskayaw
Vehumet
Wu Jian
The Shining One

Shops:
D:8 }[   Orc:2 [**(

Annotations:
D:7 2 transporters
Lair:3 Nergalle Gauntlet 8 transporters


Innate Abilities, Weirdness & Mutations

You are too large for most types of armour.
You have claws for hands.
Your metabolism is lightning-fast.
You like to eat raw meat.
Your natural rate of healing is unusually fast.
You are covered in fur. (AC +1)
You have extremely tough skin. (AC +3)
Your magical capacity is low. (-10% MP)
[You often lose your temper in combat.]
[Armour fits poorly on your strangely shaped body.]
[Your body often deteriorates upon taking damage.]
[You are very dopey. (Int -4)]
[You sometimes yell uncontrollably at your foes.]
[You are very weak. (Str -4)]


Message History

The now-empty wand crumbles to dust.
You block the minotaur's attack. x2
Unknown command.
Unknown command.
You claw the minotaur!
The minotaur is severely wounded.
The minotaur hits you with a +0 long sword of holy wrath!
The minotaur gores you!
* * * LOW HITPOINT WARNING * * *
You scratch the minotaur but do no damage.
The minotaur is heavily wounded.
The minotaur hits you with a +0 long sword of holy wrath!
* * * LOW HITPOINT WARNING * * *
Your body deteriorates!
You feel clumsy. You block the minotaur's attack.
You scratch the minotaur but do no damage.
The minotaur is heavily wounded.
The minotaur blocks your attack.
The minotaur is heavily wounded.
The minotaur hits you with a +0 long sword of holy wrath!!
You die...

#...##h#hh?..##..#..
#...###########..#.8.#
..≈.............≈#...#
.≈8≈............∩#.8.#
..≈.............≈#...#
#...###########..#.8.#
#...#....©....#..#...#.#
#...#.........####.8....
#...#.#######3#©@H...#
###.#.#.#.#.#.####.8....
#©#.#....©....#..#...###
#.#.##.#.#.#.##..#≈8≈#
#.#.#.#######.#..# ###
#.#.#.........#..#
#.#.#.........#..#
#.#############..#
#........©#......#


You could see a minotaur and a neqoxec.

Vanquished Creatures
  An ettin (Orc:1)
  4 ogre magi (Orc:2)
  Fannar (D:11)
  20 two-headed ogres
  An orc high priest (Orc:1)
  A wretched star (Gauntlet)
  A cyclops (D:11)
  An eye of devastation (Gauntlet)
  A smoke demon (Gauntlet)
  A spiny frog (Lair:1)
  3 komodo dragons
  2 trolls
  8 blink frogs
  3 hippogriffs
  A meliai zombie (D:11)
  Sigmund (D:3)
  14 yaks
  Eustachio (D:5)
  A wyvern (Lair:3)
  A steam dragon (D:11)
  2 hungry ghosts (D:10)
  Grum (D:8)
  Menkaure (D:5)
  6 wargs
  A soldier ant (D:10)
  Duvessa (D:4)
  3 porcupines
  A water moccasin (Lair:1)
  2 floating eyes (Gauntlet)
  9 orc warriors
  A small abomination (Gauntlet)
  3 phantoms
  3 sky beasts
  26 ogres
  An ice beast (D:5)
  A black bear (D:9)
  An eye of draining (D:9)
  3 wolves
  17 centaurs
  3 crocodiles
  2 big kobolds
  Blork the orc (D:6)
  A gnoll sergeant (D:8)
  6 bullfrogs
  Dowan (D:3)
  2 scorpions
  2 water moccasin skeletons (D:9)
  11 killer bees
  9 wights
  7 howler monkeys
  8 crimson imps
  3 bullfrog zombies
  3 centaur zombies
  3 centaur skeletons
  5 hounds
  3 jellies
  13 orc wizards
  8 orc priests
  Crazy Yiuf (D:5)
  A gnoll shaman (D:5)
  4 iguanas
  Terence (D:3)
  8 worker ants
  A killer bee zombie (D:6)
  A worker ant zombie (D:4)
  12 gnolls
  13 adders
  10 river rats (D:5)
  2 shadow imps
  2 oozes
  A worm (D:2)
  An adder skeleton (D:9)
  2 adder zombies
  5 dart slugs
  8 leopard geckos
  48 orcs
  A ball python (D:3)
  3 bats
  4 giant cockroaches
  8 goblins
  11 hobgoblins
  6 jackals
  16 kobolds
  11 quokkas
  8 frilled lizards
  A leopard gecko skeleton (D:5)
  A quokka skeleton (D:5)
  A quokka zombie (D:6)
  26 rats
459 creatures vanquished.

Vanquished Creatures (others)
  5 withered plants (Gauntlet)
5 creatures vanquished.

Grand Total: 464 creatures vanquished

Notes
Turn   | Place    | Note
-------+----------+-------------------------------------------
     0 | D:1      | mopl the Troll Hunter began the quest for the Orb.
     0 | D:1      | Reached XP level 1. HP: 19/19 MP: 0/0
   110 | D:1      | Reached skill level 1 in Unarmed Combat
   119 | D:1      | Reached XP level 2. HP: 27/27 MP: 1/1
   322 | D:1      | Reached XP level 3. HP: 27/33 MP: 2/2
   335 | D:1      | Found a sparkling altar of Nemelex Xobeh.
   443 | D:1      | Reached skill level 2 in Unarmed Combat
   835 | D:2      | Reached skill level 1 in Shields
   940 | D:2      | Reached skill level 4 in Throwing
  1167 | D:2      | Reached XP level 4. HP: 41/41 MP: 3/3
  1498 | D:3      | Reached skill level 3 in Unarmed Combat
  1585 | D:3      | Reached XP level 5. HP: 39/48 MP: 4/4
  1706 | D:3      | Noticed Terence
  1726 | D:3      | Killed Terence
  1790 | D:3      | Noticed Sigmund
  1806 | D:3      | Reached skill level 2 in Shields
  1880 | D:3      | Found a faded altar of an unknown god.
  2152 | D:3      | Killed Sigmund
  2152 | D:3      | Reached skill level 4 in Unarmed Combat
  2152 | D:3      | Reached XP level 6. HP: 47/55 MP: 5/5
  2326 | D:4      | Found a staircase to the Ecumenical Temple.
  2343 | D:4      | Reached skill level 5 in Unarmed Combat
  2410 | D:4      | Reached skill level 5 in Throwing
  2410 | D:4      | Reached XP level 7. HP: 53/62 MP: 6/6
  2445 | D:4      | Noticed Dowan
  2445 | D:4      | Noticed Duvessa
  2485 | D:4      | Killed Duvessa
  2485 | D:4      | Reached skill level 3 in Shields
  2629 | D:3      | Killed Dowan
  2687 | D:4      | Reached skill level 6 in Unarmed Combat
  3061 | D:5      | Entered Level 5 of the Dungeon
  3071 | D:5      | Reached XP level 8. HP: 70/70 MP: 7/7
  3183 | D:5      | Noticed Menkaure
  3191 | D:5      | Killed Menkaure
  3191 | D:5      | Reached skill level 7 in Unarmed Combat
  3205 | D:5      | Reached skill level 4 in Shields
  3258 | D:5      | Reached skill level 6 in Throwing
  3458 | D:5      | Noticed Eustachio
  3486 | D:5      | Killed Eustachio
  3486 | D:5      | Reached skill level 8 in Unarmed Combat
  3898 | D:5      | Found a runed translucent door.
  3899 | D:5      | Noticed Crazy Yiuf
  3906 | D:5      | Killed Crazy Yiuf
  4031 | D:6      | Reached XP level 9. HP: 74/76 MP: 8/8
  4351 | D:6      | Noticed Blork the orc
  4357 | D:6      | Killed Blork the orc
  4432 | D:6      | Found a hide-covered altar of Uskayaw.
  4447 | D:6      | Found a bloodstained altar of Trog.
  4448 | D:6      | Found an iron altar of Okawaru.
  4549 | D:8      | Reached skill level 5 in Shields
  4702 | D:7      | Reached skill level 9 in Unarmed Combat
  4800 | D:7      | You fall through a shaft!
  4838 | D:8      | Reached skill level 7 in Throwing
  5023 | D:7      | Found a transporter.
  5113 | D:7      | HP: 3/76 [killer bee (7)]
  5307 | D:7      | Found an ancient bone altar of Kikubaaqudgha.
  5374 | D:7      | Found a transporter.
  5407 | D:8      | Noticed a two-headed ogre
  5412 | D:8      | Killed a two-headed ogre
  5412 | D:8      | Reached skill level 10 in Unarmed Combat
  5487 | D:8      | Noticed a two-headed ogre
  5507 | D:8      | Killed a two-headed ogre
  5507 | D:8      | Reached skill level 6 in Shields
  5507 | D:8      | Reached XP level 10. HP: 26/85 MP: 2/9
  5649 | D:8      | Found Caaciale's Armour Boutique.
  5738 | D:8      | Noticed Grum
  5759 | D:8      | HP: 1/85 [Grum/-2 glaive (20)]
  5888 | D:8      | Reached skill level 8 in Throwing
  5903 | D:8      | Killed Grum
  6040 | D:8      | Found Bioqul's Gadget Shoppe.
  6318 | D:8      | Found a radiant altar of Vehumet.
  6325 | D:8      | Found a white marble altar of Elyvilon.
  6325 | D:8      | Found a glowing golden altar of the Shining One.
  6325 | D:8      | Found a sacrificial altar of Ru.
  6328 | D:8      | Found a burning altar of Makhleb.
  6378 | D:8      | Noticed a two-headed ogre
  6391 | D:8      | Killed a two-headed ogre
  6391 | D:8      | Reached skill level 11 in Unarmed Combat
  6942 | D:9      | Noticed a two-headed ogre
  7179 | D:9      | Found an ornate altar of the Wu Jian Council.
  7306 | D:9      | Found a staircase to the Lair.
  7689 | D:9      | Killed a two-headed ogre
  7689 | D:9      | Reached skill level 7 in Shields
  7742 | D:10     | Entered Level 10 of the Dungeon
  7749 | D:10     | Reached XP level 11. HP: 78/92 MP: 8/10
  7892 | D:10     | Noticed a two-headed ogre
  7902 | D:10     | Killed a two-headed ogre
  7902 | D:10     | Reached skill level 12 in Unarmed Combat
  7933 | D:10     | Learned a level 1 spell: Apportation
  7935 | D:10     | Learned a level 1 spell: Confusing Touch
  8007 | D:10     | Noticed a two-headed ogre
  8025 | D:10     | Killed a two-headed ogre
  8025 | D:10     | Reached skill level 9 in Throwing
  8274 | D:10     | Found a staircase to the Orcish Mines.
  8961 | D:11     | Reached skill level 13 in Unarmed Combat
  9058 | D:11     | Reached skill level 8 in Shields
  9227 | D:11     | Noticed Fannar
  9245 | D:11     | Killed Fannar
  9587 | Orc:1    | Entered Level 1 of the Orcish Mines
  9590 | Orc:2    | Entered Level 2 of the Orcish Mines
  9629 | Orc:1    | Reached XP level 12. HP: 85/100 MP: 8/11
  9644 | Orc:1    | Noticed an orc high priest
  9696 | Orc:1    | Killed an orc high priest
  9732 | Orc:1    | Noticed an ettin
  9751 | Orc:1    | Killed an ettin
  9751 | Orc:1    | Reached skill level 10 in Throwing
 10161 | Orc:2    | Noticed a two-headed ogre
 10207 | Orc:2    | Killed a two-headed ogre
 10547 | Orc:2    | Noticed a two-headed ogre
 10547 | Orc:2    | Noticed a two-headed ogre
 10577 | Orc:2    | Killed a two-headed ogre
 10577 | Orc:2    | Reached skill level 14 in Unarmed Combat
 10584 | Orc:2    | Killed a two-headed ogre
 10609 | Orc:2    | Noticed a two-headed ogre
 10632 | Orc:2    | Killed a two-headed ogre
 10669 | Orc:2    | Noticed an ogre mage
 10730 | Orc:2    | Noticed a two-headed ogre
 10741 | Orc:2    | Killed a two-headed ogre
 10800 | Orc:2    | Noticed a two-headed ogre
 10821 | Orc:2    | Killed a two-headed ogre
 10821 | Orc:2    | Reached skill level 9 in Shields
 10837 | Orc:2    | Noticed a two-headed ogre
 10838 | Orc:2    | Noticed an ogre mage
 10846 | Orc:2    | Noticed a two-headed ogre
 10849 | Orc:2    | Killed a two-headed ogre
 10849 | Orc:2    | Reached skill level 2 in Fighting
 10852 | Orc:2    | Noticed an ogre mage
 10854 | Orc:2    | Killed an ogre mage
 10952 | Orc:2    | Killed a two-headed ogre
 10957 | Orc:2    | Killed an ogre mage
 10957 | Orc:2    | Reached skill level 3 in Fighting
 10992 | Orc:2    | Killed an ogre mage
 11027 | Orc:2    | Noticed a two-headed ogre
 11040 | Orc:2    | Killed a two-headed ogre
 11040 | Orc:2    | Reached skill level 11 in Throwing
 11040 | Orc:2    | Reached XP level 13. HP: 74/113 MP: 8/12
 11235 | Orc:2    | Reached skill level 4 in Fighting
 11382 | Orc:2    | Reached skill level 15 in Unarmed Combat
 11419 | Orc:2    | Found a staircase to the Elven Halls.
 11515 | Orc:2    | Found Nobbey's Antique Armour Shop.
 11515 | Orc:2    | Found Leclixke's Assorted Antiques.
 11516 | Orc:2    | Found Xoloka's General Store.
 11516 | Orc:2    | Found Usmoumof's Antique Weapon Boutique.
 11523 | Orc:2    | Bought a potion of curing for 66 gold pieces
 11523 | Orc:2    | Bought a scroll labeled BEMUAG ERGHUUPN for 22 gold pieces
 11523 | Orc:2    | Bought a scroll labeled CEAFRU GU DIL for 22 gold pieces
 11523 | Orc:2    | Bought a glass wand for 88 gold pieces
 11525 | Orc:2    | Bought a cursed amulet of inaccuracy for 24 gold pieces
 11525 | Orc:2    | Bought a potion of cancellation for 96 gold pieces
 11525 | Orc:2    | Bought a potion of brilliance for 48 gold pieces
 11530 | Orc:2    | Bought a wand of scattershot (4) for 288 gold pieces
 11688 | Lair:1   | Entered Level 1 of the Lair of Beasts
 12540 | Lair:2   | You fall through a shaft!
 12671 | Lair:3   | Reached skill level 5 in Fighting
 12916 | Lair:3   | Noticed Nergalle
 12990 | Lair:3   | Found a gate leading to a gauntlet.
 12999 | Gauntlet | Entered a Gauntlet
 12999 | Gauntlet | Found a transporter.
 12999 | Gauntlet | Found a transporter.
 13069 | Gauntlet | Found a transporter.
 13079 | Gauntlet | Found a transporter.
 13108 | Gauntlet | Found a transporter.
 13118 | Gauntlet | Found a transporter.
 13120 | Gauntlet | Found a transporter.
 13122 | Gauntlet | Found a transporter.
 13151 | Gauntlet | Found a transporter.
 13218 | Gauntlet | Found a transporter.
 13278 | Gauntlet | Found a transporter.
 13283 | Gauntlet | Found a transporter.
 13325 | Gauntlet | Found a transporter.
 13331 | Gauntlet | Found a transporter.
 13336 | Gauntlet | Identified Hicacu's Incunabulum of Venomous Shape Shifting
 13339 | Gauntlet | Got a glittering golden amulet
 13341 | Gauntlet | Gained mutation: Your magical capacity is low. (-10% MP) [a
                  | neqoxec]
 13350 | Gauntlet | Identified the ring of the Inquisitive Seas {Wiz MR+ Int+3}
 13350 | Gauntlet | Noticed a minotaur
 13373 | Gauntlet | Mangled by a minotaur

Skill      XL: |  1  2  3  4  5  6  7  8  9 10 11 12 13 |
---------------+----------------------------------------+-----
Unarmed Combat | 1 2 3 4 5 6 8 10 11 13 14 15 | 15.4
Shields        | 1 2 3 4 6 7 8 9 |  9.0
Throwing       | 4 5 6 7 8 9 11 | 11.7
Fighting       | 3 5 |  5.5
Dodging        | |  1.5
Stealth        | |  0.3

Action                   |  1- 3 |  4- 6 |  7- 9 | 10-12 | 13-15 || total
-------------------------+-------+-------+-------+-------+-------++-------
Melee: Unarmed           |   133 |   161 |   384 |   726 |   259 ||  1663
 Fire: Blowgun           |       |       |     4 |       |       ||     4
Throw: Stone             |       |       |    14 |    65 |       ||    79
       Large rock        |       |       |       |     2 |       ||     2
Evoke: Wand              |       |       |       |     6 |     4 ||    10
  Use: Potion            |       |       |     2 |       |     3 ||     5
       Scroll            |       |       |     1 |     1 |     6 ||     8
 Stab: Sleeping          |     2 |     1 |       |     1 |       ||     4
  Eat: Chunk             |    16 |    12 |    29 |    56 |    20 ||   133
Armor: Robe              |    62 |    53 |    84 |    81 |       ||   280
       Steam dragon scal |       |       |       |    69 |    35 ||   104
Dodge: Dodged            |    27 |    51 |   126 |   221 |    72 ||   497
Block: Shield            |    34 |    49 |   183 |   301 |   101 ||   668
